 Dungeon Crawl Stone Soup version 0.25.1-2-g60ff931df9 (webtiles) character file.

Game seed: 14883943096362889089

2081 DearestLeader the Geomancer (level 9, 0/45 HPs)
             Began as a Gargoyle Earth Elementalist on Oct 25, 2020.
             Was a Priest of Vehumet.
             Slain by a two-headed ogre
             ... wielding a +0 giant spiked club
              (12 damage)
             ... on level 7 of the Dungeon on Oct 26, 2020.
             The game lasted 00:16:17 (8732 turns).

DearestLeader the Geomancer (GrEE)                  Turns: 8732, Time: 00:16:18

Health: 0/45       AC: 11    Str: 12    XL:     9   Next: 27%
Magic:  13/16      EV: 12    Int: 19    God:    Vehumet [***...]
Gold:   264        SH:  0    Dex: 16    Spells: 3/18 levels left

rFire    . . .     SeeInvis .   u - +2 dagger (venom)
rCold    . . .     Gourm    .   (no shield)
rNeg     + . .     Faith    .   c - +0 robe
rPois    ∞         Spirit   .   (no helmet)
rElec    +         Reflect  .   (no cloak)
rCorr    .         Harm     .   p - +0 pair of gloves
MR       .....                  w - +1 pair of boots
Stlth    ++........             (no amulet)
HPRegen  0.15/turn              y - +6 ring of dexterity
MPRegen  0.15/turn              (no ring)

@: no status effects
A: negative energy resistance 1, electricity resistance, unbreathing,
petrification resistance, rot immunity, AC +6
a: Renounce Religion


You were on level 7 of the Dungeon.
You worshipped Vehumet.
Vehumet was most pleased with you.
You were not hungry.

You visited 1 branch of the dungeon, and saw 7 of its levels.

You collected 264 gold pieces.

Inventory:

Hand Weapons
 e - a +0 short sword
 o - a +1 dagger of venom
 u - a +2 dagger of venom (weapon)
Missiles
 b - 97 stones (quivered)
Armour
 c - a +0 robe (worn)
 p - a +0 pair of gloves (worn)
 q - a +0 buckler
 w - a +1 pair of boots (worn)
Jewellery
 y - a +6 ring of dexterity (left hand)
Wands
 a - a wand of flame (12)
Scrolls
 i - 2 scrolls of immolation
 j - a scroll of remove curse
 l - 4 scrolls of teleportation
 r - a scroll of amnesia
 s - 2 scrolls of magic mapping
 t - a scroll of enchant armour {unknown}
 v - a scroll of enchant weapon
 A - 2 scrolls of identify
Potions
 f - a potion of berserk rage {unknown}
 g - 2 potions of haste
 h - a potion of invisibility {unknown}
 k - a potion of flight {unknown}
 m - 4 potions of might
 n - 5 potions of curing
 x - a potion of cancellation {unknown}
 z - a potion of lignification {unknown}
Comestibles
 d - 10 rations


   Skills:
 - Level 1.5 Dodging
 - Level 2.1 Stealth
 + Level 5.0 Spellcasting
 + Level 5.5 Conjurations
 + Level 0.7 Transmutations
 * Level 11.5 Earth Magic


You had 3 spell levels left.
You knew the following spells:

 Your Spells              Type           Power        Failure   Level  Hunger
a - Sandblast             Erth           #####.       1%          1    None
b - Passwall              Tmut/Erth      ####....     1%          2    #......
c - Stone Arrow           Conj/Erth      #####.       1%          3    ##.....
d - Lee's Rapid Deconstr  Erth           #####.....   1%          5    ######.
e - Petrify               Tmut/Erth      ####....     10%         4    ####...

Your spell library contained the following spells:

 Spells                   Type           Power        Failure   Level  Hunger
 Dazzling Flash           Conj/Hex       ###...       3%          3    ##.....


Dungeon Overview and Level Annotations

Branches:
Dungeon (7/15)             Temple (0/1) D:5

Altars:
Ashenzari
Cheibriados
Dithmenos
Kikubaaqudgha
Okawaru
Qazlal
Ru
Sif Muna
Trog
Vehumet
Yredelemnul


Innate Abilities, Weirdness & Mutations

You are resistant to torment.
Your stone body is resilient. (AC +6)
You are immune to poison.
You resist negative energy. (rN+)
You are resistant to electric shocks. (rElec)
You can survive without breathing.
You are immune to petrification.
You are immune to rotting.


Message History

Confirm with . or Enter, or press ? or * to list all spells.
Aiming: Sandblast (safe; 1% risk of failure)
Press: ? - help, Shift-Dir - straight line, f/p - two-headed ogre
Aim: a two-headed ogre, wielding a +0 giant spiked club and a +0 giant club (severely wounded)
The blast of sand hits the two-headed ogre.
The two-headed ogre is almost dead.
b - 98 stones The two-headed ogre hits you with a +0 giant spiked club!!
* * * LOW HITPOINT WARNING * * *
The two-headed ogre closely misses you.
Casting: Sandblast (safe; 1% risk of failure)
Confirm with . or Enter, or press ? or * to list all spells.
Aiming: Sandblast (safe; 1% risk of failure)
Press: ? - help, Shift-Dir - straight line, f/p - two-headed ogre
Aim: a two-headed ogre, wielding a +0 giant spiked club and a +0 giant club (severely wounded)
The blast of sand hits the two-headed ogre.
The two-headed ogre is almost dead.
b - 97 stones The two-headed ogre hits you with a +0 giant spiked club!
You die...

#.#.# ###.###.# #.#.#
#.# #.# #.#.# #.# #.#
###.#.# #.###.#
..#<.#####..##.####.#
##.#........(.......#
##....######.........#
##.....######.##.####.#
#........@O......# #
#.............####
#.......#####.#
##.....## #.# ##.[.##
#.# ##### #.# #.# .#


You could see a two-headed ogre.

Vanquished Creatures
  A water moccasin (D:6)
  A sky beast (D:6)
  An ice beast (D:5)
  5 ogres
  A phantom (D:6)
  A bullfrog (D:6)
  A scorpion (D:6)
  4 wights (D:6)
  2 howler monkeys
  2 crimson imps
  2 hounds (D:5)
  2 orc priests
  2 centaur skeletons (D:5)
  A gnoll shaman (D:5)
  6 orc wizards
  2 iguanas
  2 worker ants
  A worker ant zombie (D:6)
  15 gnolls
  7 adders
  5 oozes
  An adder zombie (D:6)
  An adder skeleton (D:5)
  5 worms
  2 dart slugs
  3 leopard geckos
  26 orcs
  8 bats
  7 giant cockroaches
  8 goblins
  3 hobgoblins
  7 jackals
  5 kobolds
  2 quokkas
  4 ball pythons
  A frilled lizard (D:5)
  2 jackal skeletons (D:5)
  5 rats
154 creatures vanquished.

Notes
Turn   | Place    | Note
-------+----------+-------------------------------------------
     0 | D:1      | DearestLeader the Gargoyle Earth Elementalist began the
                  | quest for the Orb.
     0 | D:1      | Reached XP level 1. HP: 10/10 MP: 3/3
    85 | D:1      | Reached skill level 4 in Earth Magic
    99 | D:1      | Reached XP level 2. HP: 10/15 MP: 5/5
   679 | D:1      | You fall into a shaft and drop 1 floor!
   700 | D:2      | Reached skill level 5 in Earth Magic
   700 | D:2      | Reached XP level 3. HP: 9/19 MP: 2/6
   927 | D:2      | Reached XP level 4. HP: 24/24 MP: 4/7
  1502 | D:2      | Found a basalt altar of Yredelemnul.
  1559 | D:2      | Reached skill level 6 in Earth Magic
  1611 | D:2      | Found a bloodstained altar of Trog.
  1672 | D:2      | Found a radiant altar of Vehumet.
  1680 | D:2      | Became a worshipper of Vehumet
  1814 | D:2      | Found an iron altar of Okawaru.
  1923 | D:2      | Found a shimmering blue altar of Sif Muna.
  2044 | D:2      | Learned a level 2 spell: Passwall
  2048 | D:2      | Learned a level 3 spell: Stone Arrow
  2283 | D:3      | Found a snail-covered altar of Cheibriados.
  2292 | D:3      | Reached XP level 5. HP: 23/28 MP: 8/8
  2750 | D:3      | Reached skill level 7 in Earth Magic
  2903 | D:3      | Reached * piety under Vehumet
  2903 | D:3      | Offered knowledge of Foxfire by Vehumet.
  3947 | D:4      | Reached XP level 6. HP: 31/32 MP: 9/9
  4046 | D:4      | Found an ancient bone altar of Kikubaaqudgha.
  4080 | D:4      | Reached skill level 1 in Conjurations
  4080 | D:4      | Reached skill level 8 in Earth Magic
  4269 | D:4      | Found a shattered altar of Ashenzari.
  4269 | D:4      | Found a sacrificial altar of Ru.
  4895 | D:4      | Offered knowledge of Searing Ray by Vehumet.
  5054 | D:5      | Entered Level 5 of the Dungeon
  5132 | D:5      | Reached ** piety under Vehumet
  5132 | D:5      | Reached XP level 7. HP: 36/36 MP: 6/11
  5139 | D:5      | Learned a level 5 spell: Lee's Rapid Deconstruction
  5260 | D:5      | Reached skill level 9 in Earth Magic
  5322 | D:5      | Found a staircase to the Ecumenical Temple.
  5544 | D:5      | Found a stormy altar of Qazlal.
  5764 | D:5      | Found a shadowy altar of Dithmenos.
  5779 | D:5      | Reached XP level 8. HP: 34/41 MP: 13/13
  6114 | D:5      | Reached skill level 10 in Earth Magic
  6822 | D:6      | Offered knowledge of Static Discharge by Vehumet.
  7290 | D:6      | Reached skill level 5 in Conjurations
  7290 | D:6      | Reached skill level 11 in Earth Magic
  7290 | D:6      | Reached XP level 9. HP: 27/45 MP: 15/15
  7484 | D:6      | Found an iron altar of Okawaru.
  7593 | D:6      | Reached *** piety under Vehumet
  8331 | D:6      | Reached skill level 5 in Spellcasting
  8422 | D:6      | Offered knowledge of Dazzling Flash by Vehumet.
  8573 | D:6      | Learned a level 4 spell: Petrify
  8712 | D:7      | Noticed a two-headed ogre
  8732 | D:7      | Slain by a two-headed ogre

Illustrated notes

Levels and vault maps discovered:
D:1:      nzn_arrival_settlement, layout_basic
D:2:      layout_rooms, vehumet_crystals, lemuel_crystal_altar,
          marbit_many_paths, nicolae_overflow_hidden_temple, bloody_trog
D:3:      layout_basic, overflow_temple_1_default, st_stairs_9, minmay_between
D:4:      layout_loops_cross, lemuel_doored_altar,
          gammafunk_temple_overflow_wave, first_ration, grunt_decor_one_mirror
D:5:      layout_loops_ring, nicolae_dithmenos_the_darkroom,
          minmay_temple_entry_mist, serial_glass, glass_columns_a,
          glass_columns_a, glass_columns_a, glass_columns_b, glass_columns_a,
          glass_columns_a, nicolae_qazlal_eye_of_the_storm
D:6:      layout_basic, basic_altar
D:7:      layout_loops_ring, grunt_livestock, uniq_menkaure

Skill      XL: |  1  2  3  4  5  6  7  8  9 |
---------------+----------------------------+-----
Earth Magic    | 4 5 6 7 8 9 11 | 11.5
Conjurations   | 2 3 5 |  5.5
Spellcasting   | 3 4 5 |  5.0
Dodging        | |  1.5
Stealth        | |  2.1
Transmutations | |  0.7

Action                   |  1- 3 |  4- 6 |  7- 9 || total
-------------------------+-------+-------+-------++-------
Melee: Short sword       |    24 |    46 |       ||    70
       Dagger            |       |   239 |   261 ||   500
 Cast: Sandblast         |    13 |    18 |    39 ||    70
       Stone Arrow       |       |       |    15 ||    15
  Use: Scroll            |       |     8 |     2 ||    10
 Stab: Sleeping          |     1 |     3 |     2 ||     6
  Eat: Chunk             |       |    14 |     9 ||    23
       Ration            |       |       |     1 ||     1
Armor: Robe              |    15 |   153 |    98 ||   266
Dodge: Dodged            |    24 |   291 |   200 ||   515
